Map: 글리터링 애쉬즈 - 래더

Players

Maru - Winner!

  • Race: Terran Terran
  • League: Master

Creator

  • Race: Protoss Protoss

Event: DreamHack SC2 Masters Last Chance 2022

VOD

Have the link to the VOD?

Description

Time

  • Played on: Dec. 15, 2021, 5:14 a.m.
  • Length: 38:04

All games in this series

Show
View Real Time Build Order
Export as new Build Order

Maru Terran - Winner!

Build Orders: Reaper Expand 

Get SALT Encoding   

  12  0:00  SCV  
  13  0:12  SCV  
  14  0:16  Supply Depot  
  14  0:24  SCV  
  15  0:38  SCV  
  15  0:39  Barracks  
  16  0:43  Refinery  
  16  0:50  SCV  
  17  1:02  SCV  
  18  1:14  SCV  
  19  1:26  Reaper, Orbital Command  
  20  1:39  Command Center  
  20  1:50  Supply Depot  
  20  1:52  SCV  
  21  1:59  Barracks Tech Lab  
  21  2:04  SCV  
  21  2:07  Barracks  
  22  2:16  SCV  
  22  2:17  Concussive Shells  
  22  2:18  Marauder  
  25  2:26  Barracks  
  25  2:28  SCV  
  26  2:40  Marauder  
  26  2:43  SCV  
  29  2:51  Orbital Command  
  29  2:54  Barracks Reactor  
  29  2:55  SCV  
  30  3:01  Marine  
  30  3:04  Refinery  
  31  3:07  Stimpack  
  31  3:08  SCV  
  32  3:13  Marine  
  32  3:17  SCV  
  32  3:19  Marine  
  35  3:20  SCV  
  36  3:29  Supply Depot, SCV  
  36  3:32  SCV  
  36  3:33  Marine x2  
  36  3:34  Marine  
  41  3:37  Marine  
  41  3:39  Engineering Bay  
  42  3:41  SCV  
  42  3:44  SCV  
  43  3:52  Factory  
  43  3:53  SCV  
  44  3:56  SCV  
  44  3:58  Marine x4  
  44  4:01  Refinery  
  49  4:04  Supply Depot  
  49  4:06  SCV  
  49  4:08  SCV  
  51  4:14  Terran Infantry Weapons Level 1  
  49  4:18  SCV  
  49  4:20  SCV  
  51  4:30  SCV  
  52  4:32  SCV, Barracks Tech Lab  
  52  4:33  Marauder, Marine x2  
  52  4:34  Supply Depot  
  52  4:36  Starport  
  52  4:37  Factory Tech Lab  
  57  4:42  SCV  
  57  4:44  SCV  
  56  4:49  Combat Shield  
  56  4:54  SCV  
  56  4:56  Supply Depot, SCV, Siege Tank  
  56  4:58  Marine x4  
  65  5:03  Refinery  
  65  5:06  SCV  
  66  5:08  Missile Turret  
  66  5:10  SCV  
  66  5:12  Missile Turret  
  69  5:14  Starport Reactor  
  69  5:18  Marauder x2, SCV  
  72  5:25  SCV  
  72  5:28  Supply Depot, Siege Tank  
  73  5:33  SCV  
  75  5:41  Marauder  
  77  5:46  Supply Depot  
  79  5:50  Marauder  
  79  5:51  Supply Depot, Medivac x2  
  79  5:55  Supply Depot  
  83  5:58  SCV x2  
  83  6:02  Command Center  
  85  6:07  Siege Tank  
  85  6:10  SCV  
  89  6:11  Supply Depot  
  89  6:18  Terran Infantry Armor Level 1  
  89  6:25  Medivac  
  90  6:27  Medivac  
  90  6:30  SCV x2  
  90  6:31  Marauder, Marine x2  
  90  6:32  Marauder  
  100  6:36  Supply Depot  
  100  6:41  Barracks x2  
  100  6:45  Siege Tank  
  103  6:54  Marine x2  
  103  6:55  Marauder x2  
  103  7:00  SCV x2  
  111  7:10  Viking  
  111  7:12  Viking, Marine x2  
  117  7:16  Marauder x2, SCV  
  117  7:17  Supply Depot  
  122  7:27  SCV  
  122  7:28  SCV  
  124  7:31  Barracks Tech Lab, Barracks Reactor  
  124  7:32  Factory Reactor  
  124  7:33  Marine  
  125  7:37  Marauder x2  
  125  7:39  Orbital Command  
  125  7:40  SCV  
  125  7:41  SCV  
  131  7:45  Medivac x2  
  135  7:52  SCV  
  135  7:53  Supply Depot, SCV, Ghost Academy  
  137  7:59  Missile Turret  
  137  8:00  Marine  
  137  8:01  Marauder  
  137  8:04  SCV  
  137  8:05  SCV  
  139  8:11  SCV  
  138  8:12  Refinery  
  138  8:13  Refinery  
  138  8:16  Missile Turret, SCV  
  138  8:17  Marauder x2, SCV, Sensor Tower  
  138  8:18  Marauder, Widow Mine  
  138  8:19  Widow Mine  
  150  8:23  SCV  
  150  8:26  Missile Turret  
  151  8:28  SCV  
  151  8:29  SCV  
  153  8:35  SCV, Ghost  
  153  8:36  Supply Depot x2  
  156  8:42  Missile Turret  
  156  8:45  Engineering Bay, Armory  
  156  8:57  Ghost  
  156  8:58  Ghost  
  156  9:00  Enhanced Shockwaves  
  156  9:02  Command Center  
  160  9:07  Widow Mine x2  
  164  9:10  Ghost  
  164  9:13  Supply Depot  
  164  9:15  Missile Turret  
  166  9:17  Missile Turret, Viking x2  
  169  9:24  Missile Turret  
  169  9:26  Missile Turret  
  169  9:29  Bunker  
  169  9:30  Widow Mine x2  
  173  9:32  Terran Infantry Weapons Level 2  
  173  9:39  Terran Infantry Armor Level 2  
  173  9:48  Terran Ship Weapons Level 1  
  173  9:51  Barracks x2  
  173  9:52  Viking, Barracks  
  175  9:54  Viking  
  173  10:11  Command Center  
  173  10:19  Starport  
  173  10:20  Fusion Core  
  173  10:22  Command Center  
  173  10:25  SCV x3  
  176  10:28  Sensor Tower  
  176  10:37  SCV x3  
  176  10:38  Liberator x2  
  185  10:49  Planetary Fortress  
  185  10:53  Missile Turret, Refinery, Personal Cloaking  
  185  10:55  Barracks Tech Lab, Refinery  
  185  10:56  Barracks Tech Lab  
  185  10:59  Starport Reactor  
  185  11:01  Barracks Reactor  
  185  11:07  Command Center  
  185  11:10  Missile Turret  
  185  11:17  Supply Depot  
  181  11:31  Advanced Ballistics, Liberator x2  
  181  11:41  Viking x2  
  181  11:46  Widow Mine x2, Orbital Command  
  189  11:51  Missile Turret  
  189  11:53  Command Center  
  189  11:57  Command Center  
  189  11:59  Planetary Fortress  
  189  12:07  SCV x3  
  189  12:08  SCV, Sensor Tower  
  193  12:11  Viking x2  
  193  12:14  Terran Ship Weapons Level 2  
  197  12:22  Orbital Command  
  197  12:24  Missile Turret  
  197  12:25  Liberator  
  197  12:29  Starport  
  200  12:41  Viking  
  200  12:43  Refinery  
  200  12:44  Missile Turret, Command Center  
  200  12:45  Refinery  
  200  12:51  Missile Turret  
  200  12:56  Missile Turret x2  
  200  12:59  Missile Turret  
  200  13:00  Terran Infantry Weapons Level 3  
  200  13:01  Missile Turret  
  200  13:04  Ghost  
  198  13:11  Terran Infantry Armor Level 3  
  198  13:15  Missile Turret  
  198  13:17  Missile Turret x2  
  198  13:19  Orbital Command  
  198  13:21  Orbital Command  
  198  13:32  Ghost  
  200  13:35  Starport Reactor  
  200  13:39  Nuke  
  200  13:41  Ghost Academy  
  200  13:43  Ghost Academy  
  200  13:44  Armory  
  191  13:56  Missile Turret x2  
  191  13:57  Liberator, Missile Turret  
  191  13:58  Viking x3  
  191  14:01  Missile Turret  
  198  14:05  Orbital Command  
  194  14:12  Ghost x2  
  196  14:19  Nuke x2  
  194  14:28  Viking x2, Command Center  
  194  14:31  Command Center  
  198  14:32  Nuke  
  198  14:33  Terran Ship Weapons Level 3  
  198  14:49  Terran Vehicle And Ship Armor Level 1  
  198  14:50  Viking  
  200  14:56  Command Center  
  191  15:21  Ghost x6  
  177  15:23  Nuke x2  
  187  15:50  Nuke  
  187  15:52  Ghost  
  187  15:53  Ghost x4  
  197  15:58  Ghost Academy  
  193  16:28  Sensor Tower  
  193  16:29  Missile Turret x2, Nuke  
  193  16:30  Missile Turret x3  
  193  16:31  Missile Turret, Nuke  
  193  16:33  Planetary Fortress  
  186  16:52  Nuke x2  
  186  16:58  Sensor Tower  
  186  17:01  Viking x2  
  186  17:07  Command Center  
  186  17:08  Command Center  
  190  17:13  Terran Vehicle And Ship Armor Level 2  
  190  17:14  Neosteel Armor  
  190  17:15  Hi-Sec Auto Tracking  
  186  17:24  Liberator x4  
  186  17:25  Command Center  
  186  17:29  Command Center  
  198  17:44  Missile Turret  
  198  17:45  Missile Turret x2  
  198  17:49  Missile Turret  
  198  17:50  Barracks  
  189  18:06  Nuke x2  
  189  18:19  Nuke x2  
  189  18:25  Orbital Command x2  
  187  18:34  Sensor Tower  
  187  18:35  Command Center  
  187  18:37  Missile Turret  
  187  18:38  Missile Turret  
  187  18:40  Missile Turret x2  
  184  18:43  Ghost x4  
  184  18:44  Ghost  
  194  18:51  Nuke  
  194  18:54  Ghost  
  196  19:01  Orbital Command  
  194  19:11  Command Center  
  194  19:12  Ghost x3  
  194  19:13  Refinery x2  
  200  19:23  Planetary Fortress  
  200  19:30  Terran Vehicle And Ship Armor Level 3  
  200  19:31  Barracks Reactor, Sensor Tower  
  200  19:36  Nuke  
  200  19:37  Nuke  
  200  19:39  Missile Turret x2  
  200  19:41  Missile Turret  
  200  19:44  Orbital Command  
  200  19:45  Command Center  
  196  19:50  Missile Turret  
  196  19:51  Liberator x2, Missile Turret x2  
  196  19:52  Viking x2  
  199  19:54  Sensor Tower  
  199  19:59  Planetary Fortress  
  196  20:07  Liberator  
  196  20:09  Starport  
  196  20:10  Starport x2  
  196  20:13  Refinery x2  
  199  20:26  Orbital Command  
  199  20:39  Sensor Tower  
  199  20:40  Missile Turret  
  196  20:57  Missile Turret x2  
  196  21:03  Nuke  
  196  21:04  Nuke  
  196  21:13  Nuke x2  
  194  21:30  Ghost x3  
  182  21:36  Ghost x3  
  179  21:58  Ghost  
  179  21:59  Ghost x2  
  185  22:04  Liberator x2, Ghost x2  
  185  22:05  Viking  
  185  22:08  Marauder, Marine x5  
  176  22:23  Liberator x5  
  176  22:27  Ghost  
  176  22:28  Marauder x2  
  176  22:29  Ghost  
  195  22:30  Marine  
  195  22:34  Marauder  
  198  22:41  Nuke x3  
  196  22:52  Marine  
  196  22:53  Marauder  
  199  23:00  Missile Turret  
  199  23:01  Missile Turret x3  
  199  23:05  Liberator x2, Viking x2  
  183  23:10  Viking x2  
  184  23:18  Viking, Marine x2  
  184  23:19  Marine  
  166  23:24  Marine  
  166  23:25  Marine  
  160  23:36  Viking x2  
  160  23:38  Marine  
  160  23:39  Marauder  
  160  23:41  Marine x3, Ghost  
  148  23:42  Marauder, Marine  
  149  23:53  Viking x2  
  153  23:58  Ghost  
  153  23:59  Marine x2  
  157  24:05  Ghost  
  157  24:07  Viking  
  155  24:14  Viking  
  155  24:15  Viking  
  144  24:34  Viking, Marine x3  
  144  24:35  Marauder x3, Marine x2  
  151  24:44  Marine  
  151  24:45  Marine  
  146  24:52  Marine x5  
  144  24:55  Viking  
  144  24:56  Marine x3  
  144  24:58  Viking x2  
  144  24:59  Viking x3  
  159  25:01  Marauder x2  
  159  25:02  Marine  
  159  25:03  Marauder  
  164  25:10  Viking, Marine  
  164  25:13  Marine x4  
  172  25:14  Marauder x3  
  172  25:20  Marine  
  174  25:22  Marauder, Marine  
  174  25:24  Marauder  
  174  25:27  Viking  
  180  25:28  Marine  
  180  25:30  Marine  
  180  25:31  Marine  
  180  25:34  Ghost  
  183  25:37  Viking  
  183  25:56  Ghost  
  181  26:07  SCV x7  
  181  26:09  Liberator  
  181  26:10  Marauder x3  
  197  26:26  SCV  
  197  26:27  SCV x2  
  197  26:30  Command Center  
  198  26:55  Command Center  
  195  27:03  Viking  
  195  27:04  Viking  
  199  27:08  Missile Turret  
  199  27:21  Sensor Tower  
  199  27:27  Orbital Command  
  193  27:39  Viking x3  
  199  27:58  Missile Turret  
  199  27:59  Missile Turret x3  
  199  28:01  Missile Turret  
  193  28:39  Ghost  
  193  28:40  Marine x3  
  193  28:41  Marauder x2  
  200  28:53  Refinery  
  200  28:54  Missile Turret, Refinery  
  200  28:55  Missile Turret  
  200  28:56  Missile Turret  
  181  29:28  Medivac x2  
  181  29:29  Marauder x4, Marine x7  
  200  29:36  Refinery  
  200  29:39  Command Center  
  200  29:43  Marine  
  200  29:45  Medivac  
  198  29:46  Marine x2  
  198  29:47  Orbital Command  
  200  30:31  Orbital Command  
  200  30:36  Orbital Command  
  200  30:56  Missile Turret  
  173  31:28  Ghost  
  173  31:29  Liberator x2, Viking x3  
  173  31:30  Liberator, Marine x2  
  173  31:31  Marauder x2, Marine x4  
  181  31:48  Marine x3  
  184  31:59  Liberator, Viking  
  187  32:03  Viking  
  187  32:04  Marine x2  
  187  32:05  Marauder x2, Marine x3  
  187  32:06  Marine x2  
  190  32:11  Command Center  
  190  32:12  Viking  
  190  32:13  Orbital Command  
  191  32:30  Supply Depot  
  168  32:55  Ghost x2  
  168  32:56  Marine x3  
  161  33:06  SCV  
  161  33:07  SCV x4  
  161  33:11  Viking  
  168  33:18  SCV  
  168  33:19  SCV x4  
  173  33:29  Viking  
  174  33:34  SCV x3  
  176  33:51  Planetary Fortress  
  176  33:54  Missile Turret  
  176  33:56  SCV x2  
  176  33:57  SCV x2  
  180  34:09  Viking  
  180  34:21  SCV  
  181  34:30  Orbital Command  
  181  34:44  SCV  
  181  34:45  SCV x3  
  185  34:51  Viking x3  
  191  34:56  SCV  
  191  34:57  SCV x4  
  196  35:07  Missile Turret  
  196  35:14  Marine  
  194  35:21  Viking x2  
  194  35:27  Missile Turret  
  198  35:31  Command Center  
  198  35:57  Marine x2  
  200  36:07  Marine  
  170  36:19  Marine x2  
  170  36:22  Marine  
  170  36:23  Marine x2  
  149  36:28  Marine  
  149  36:29  Marine x5  
  141  36:32  Viking  
  141  36:33  Viking x4  
  141  36:34  Marine  
  141  36:37  Marine x2  
  151  36:40  Marine  
  151  36:41  Marine x2  
  151  36:46  SCV, Marine  
  151  36:47  SCV x4, Marine  
  158  36:49  Marine  
  162  36:56  Medivac  
  162  36:57  Marine x3  
  162  36:58  SCV  
  162  37:01  Marine x6  
  170  37:08  Marine x3  
  175  37:22  Marine  
  175  37:23  Ghost, Marine x3  
Show
View Real Time Build Order
Export as new Build Order

Creator Protoss 

Build Orders: 1 Gate Expand, Carriers, Colossus Rush 

Get SALT Encoding   

  12  0:00  Probe  
  13  0:12  Probe  
  14  0:17  Pylon  
  14  0:24  Probe (Chrono Boost)  
  16  0:36  Gateway, Probe (Chrono Boost)  
  16  0:43  Probe (Chrono Boost)  
  16  0:45  Assimilator  
  17  0:51  Probe  
  18  1:03  Probe  
  19  1:15  Probe  
  20  1:21  Nexus  
  20  1:31  Cybernetics Core  
  20  1:34  Probe  
  20  1:39  Assimilator  
  21  1:46  Probe  
  22  1:50  Pylon  
  22  1:58  Probe  
  23  2:05  Adept (Chrono Boost)  
  23  2:07  Warp Gate  
  23  2:10  Probe  
  26  2:23  Probe  
  26  2:25  Adept (Chrono Boost)  
  29  2:31  Robotics Facility  
  29  2:34  Probe (Chrono Boost)  
  31  2:41  Probe (Chrono Boost)  
  31  2:43  Probe (Chrono Boost)  
  32  2:48  Probe x2 (Chrono Boost)  
  34  2:57  Shield Battery  
  34  2:59  Probe  
  34  3:00  Probe  
  36  3:11  Probe  
  36  3:12  Probe  
  38  3:15  Gateway  
  38  3:19  Observer (Chrono Boost)  
  39  3:21  Robotics Bay  
  39  3:23  Probe  
  39  3:24  Probe  
  41  3:30  Pylon  
  41  3:31  Warp Prism (Chrono Boost)  
  43  3:36  Probe x2  
  43  3:40  Assimilator  
  45  3:44  Assimilator  
  45  3:49  Probe x2  
  45  3:51  Pylon  
  47  3:57  Stalker  
  47  4:01  Probe x2  
  51  4:05  Pylon  
  51  4:10  Colossus (Chrono Boost)  
  55  4:18  Probe x2  
  57  4:24  Gravitic Drive  
  53  4:32  Stalker x2  
  53  4:34  Observer, Probe  
  53  4:35  Probe  
  59  4:48  Nexus  
  59  4:51  Colossus (Chrono Boost)  
  65  5:02  Pylon, Sentry  
  65  5:03  Zealot  
  69  5:09  Probe  
  70  5:20  Probe  
  71  5:21  Extended Thermal Lance  
  71  5:22  Probe  
  71  5:24  Gateway, Shield Battery  
  72  5:32  Probe  
  72  5:34  Probe  
  74  5:44  Probe  
  74  5:46  Probe  
  74  5:47  Twilight Council, Forge  
  76  5:51  Sentry  
  76  5:57  Colossus (Chrono Boost)  
  78  5:59  Pylon  
  78  6:00  Probe x3, Pylon  
  87  6:04  Sentry  
  87  6:09  Gateway  
  89  6:11  Gateway  
  89  6:13  Probe x3  
  92  6:22  Protoss Ground Weapons Level 1 (Chrono Boost)  
  92  6:23  Blink (Chrono Boost)  
  92  6:25  Probe x3  
  95  6:32  Stalker x3  
  101  6:41  Immortal (Chrono Boost)  
  101  6:43  Gateway  
  101  6:45  Gateway  
  105  6:48  Gateway  
  105  6:53  Pylon  
  105  6:56  Assimilator  
  105  6:57  Assimilator  
  105  7:00  Zealot x2  
  109  7:08  Pylon  
  109  7:10  Observer  
  109  7:11  Probe x3, Templar Archives  
  109  7:12  Pylon  
  112  7:15  Pylon  
  112  7:23  Zealot x2  
  112  7:29  Nexus  
  116  7:33  Pylon  
  116  7:34  Stalker x2  
  120  7:41  Psionic Storm  
  120  7:44  Immortal  
  120  7:46  Probe x3  
  120  7:50  Forge  
  127  7:53  High Templar x2  
  129  8:10  Nexus  
  129  8:11  Photon Cannon, Shield Battery  
  129  8:12  High Templar  
  131  8:13  High Templar  
  131  8:15  Photon Cannon  
  131  8:16  Protoss Ground Armor Level 1 (Chrono Boost), Probe x3  
  136  8:23  Immortal  
  136  8:27  Protoss Ground Weapons Level 2 (Chrono Boost)  
  140  8:32  Probe x3  
  140  8:34  Zealot x3  
  149  8:43  Assimilator, Pylon  
  149  8:45  Assimilator, Pylon  
  149  8:46  Robotics Facility  
  149  9:01  Probe x3  
  149  9:02  Photon Cannon  
  152  9:04  Observer  
  152  9:07  Stalker, High Templar x2  
  152  9:08  Zealot x2  
  152  9:09  Charge  
  162  9:13  Archon  
  162  9:14  Stalker  
  164  9:18  Gateway  
  164  9:20  Gateway  
  167  9:32  Disruptor (Chrono Boost)  
  167  9:34  Disruptor (Chrono Boost)  
  167  9:35  Stargate  
  168  9:39  Nexus  
  168  9:40  Pylon  
  168  9:54  Stalker x2  
  168  9:57  Pylon  
  172  10:00  Disruptor  
  172  10:03  Disruptor  
  178  10:13  Probe x4  
  182  10:19  Pylon  
  182  10:20  Pylon  
  182  10:23  Photon Cannon  
  182  10:25  Probe  
  182  10:26  Pylon, Shield Battery  
  182  10:27  Protoss Air Weapons Level 1 (Chrono Boost), Fleet Beacon  
  182  10:28  Stargate  
  183  10:30  Stargate  
  183  10:33  Protoss Ground Armor Level 2  
  181  10:37  Observer  
  181  10:38  Shield Battery  
  181  10:40  Shield Battery  
  181  10:41  Disruptor  
  185  10:44  Photon Cannon  
  185  10:48  Protoss Ground Weapons Level 3  
  181  10:58  Observer  
  181  11:02  Pylon  
  181  11:03  Pylon  
  182  11:09  Carrier (Chrono Boost), Assimilator  
  182  11:10  Nexus  
  182  11:11  Assimilator  
  182  11:15  Carrier (Chrono Boost)  
  190  11:30  Carrier (Chrono Boost)  
  190  11:31  Observer  
  194  11:36  Photon Cannon  
  194  11:37  High Templar  
  194  11:38  Photon Cannon  
  194  11:39  Shield Battery  
  196  11:41  Observer, Assimilator  
  196  11:46  Assimilator  
  197  11:47  Gravitic Boosters  
  197  11:50  Cybernetics Core  
  197  11:53  Dark Shrine  
  197  11:57  Gateway  
  197  12:00  Gateway  
  197  12:02  Gateway  
  197  12:08  Gateway  
  197  12:10  Gateway  
  197  12:12  Gateway  
  197  12:15  Observer  
  197  12:17  High Templar  
  197  12:18  Photon Cannon  
  197  12:20  Photon Cannon  
  199  12:23  Pylon  
  199  12:24  Photon Cannon  
  199  12:34  Observer  
  199  12:38  Observer  
  199  12:40  Protoss Air Armor Level 1 (Chrono Boost)  
  199  12:42  Protoss Air Weapons Level 2 (Chrono Boost)  
  199  13:03  Observer  
  199  13:05  Shadow Stride (Chrono Boost)  
  200  13:11  Gateway  
  200  13:12  Gateway  
  198  13:24  Gateway, Pylon  
  198  13:26  Gateway  
  198  13:32  Observer  
  198  13:33  Observer  
  192  14:03  Carrier (Chrono Boost), Observer  
  192  14:04  Observer  
  192  14:07  Protoss Ground Armor Level 3  
  192  14:08  Protoss Shields Level 1  
  198  14:13  Stargate  
  198  14:20  Stargate  
  198  14:37  Dark Templar  
  196  14:55  Protoss Air Armor Level 2 (Chrono Boost)  
  196  15:02  Observer  
  193  15:25  Carrier  
  193  15:26  Observer  
  193  15:40  Observer  
  191  15:45  Nexus  
  190  15:50  Unknown  
  190  16:01  Carrier x2  
  200  16:11  Observer  
  197  16:14  Dark Templar  
  199  16:34  Protoss Air Weapons Level 3 (Chrono Boost)  
  198  16:48  Pylon  
  198  16:55  Stalker  
  198  16:56  Nexus  
  198  16:57  Pylon  
  198  17:13  Assimilator  
  198  17:15  Pylon, Shield Battery  
  198  17:16  Protoss Shields Level 2 (Chrono Boost)  
  198  17:17  Shield Battery  
  198  17:18  Shield Battery x2  
  198  17:20  Photon Cannon  
  198  17:21  Photon Cannon  
  197  17:23  Photon Cannon  
  197  17:27  Protoss Air Armor Level 3 (Chrono Boost)  
  195  17:39  Dark Templar, High Templar  
  199  17:51  Assimilator  
  186  17:52  Carrier x3 (Chrono Boost), Assimilator  
  194  18:03  Photon Cannon  
  194  18:05  Photon Cannon, Probe  
  195  18:06  Probe  
  195  18:07  Shield Battery  
  195  18:08  Shield Battery  
  193  18:21  Carrier (Chrono Boost)  
  194  18:48  Photon Cannon  
  194  18:50  Photon Cannon, Dark Templar x2  
  194  18:52  Photon Cannon  
  194  18:54  Photon Cannon, Shield Battery  
  198  18:56  Shield Battery  
  198  18:58  Pylon  
  198  19:05  Shield Battery  
  198  19:24  Photon Cannon  
  198  19:25  Shield Battery  
  198  19:28  Pylon  
  197  19:50  Tempest (Chrono Boost)  
  198  20:01  Oracle (Chrono Boost)  
  198  20:03  Oracle (Chrono Boost)  
  198  20:17  Observer  
  198  20:20  Nexus  
  199  20:22  Pylon  
  198  20:44  Nexus  
  198  20:48  Pylon  
  195  20:51  Tempest  
  195  20:53  Shield Battery  
  188  21:09  Observer  
  170  21:13  Tempest  
  170  21:15  Probe x5  
  170  21:16  Photon Cannon  
  178  21:25  Stalker, Dark Templar x2  
  177  21:26  Dark Templar x2  
  177  21:27  Tempest x2  
  177  21:29  Observer  
  188  21:42  Stalker x4  
  194  22:07  Stalker x7  
  194  22:08  Dark Templar  
  176  22:23  Stalker x4  
  182  22:34  Dark Templar x2  
  185  22:40  Tempest x2  
  190  22:54  Dark Templar x2, Sentry  
  190  22:55  Stalker  
  190  22:56  High Templar  
  200  23:04  Archon  
  188  23:09  Dark Templar, Tempest (Chrono Boost)  
  188  23:10  Tempest (Chrono Boost)  
  175  23:27  Stalker x2, Dark Templar x4  
  175  23:28  Stalker x6  
  177  23:42  Dark Templar  
  177  23:43  Observer, Dark Templar x3  
  177  23:45  Oracle (Chrono Boost)  
  177  23:46  Observer  
  182  23:54  Archon x2  
  182  23:55  Archon x3  
  182  23:56  Stalker x2, Archon, High Templar x2  
  182  23:57  Stalker x2  
  188  24:08  Stalker x6  
  196  24:20  Stalker x2  
  178  24:39  Archon  
  178  24:41  Tempest x3  
  175  24:47  Stalker x5  
  175  24:48  Stalker x2  
  175  24:49  Dark Templar x4  
  175  24:50  Dark Templar  
  199  25:03  Observer  
  199  25:24  Observer  
  200  25:42  Archon  
  200  25:43  Disruptor (Chrono Boost)  
  198  26:00  Disruptor (Chrono Boost)  
  199  26:10  Assimilator  
  199  26:12  Oracle  
  198  26:38  Disruptor (Chrono Boost)  
  194  26:40  High Templar  
  194  26:42  Probe  
  200  26:59  Disruptor  
  187  27:05  Oracle, Tempest  
  187  27:06  Mothership (Chrono Boost), Tempest  
  187  27:07  Protoss Shields Level 3 (Chrono Boost)  
  198  27:19  High Templar  
  200  27:23  Nexus  
  195  27:53  Pylon  
  195  27:59  Probe x2  
  195  28:00  Probe  
  195  28:01  Probe  
  199  28:23  Warp Prism (Chrono Boost)  
  199  28:34  Photon Cannon  
  199  28:35  Photon Cannon  
  198  28:51  Shield Battery x2  
  196  29:11  Tempest x2  
  196  29:14  Tempest  
  153  29:21  Tempest x2  
  161  29:25  Disruptor (Chrono Boost)  
  168  29:35  Disruptor (Chrono Boost)  
  166  29:43  Dark Templar  
  166  29:44  Dark Templar x2, High Templar x3  
  178  29:59  Pylon  
  178  30:02  Disruptor  
  178  30:06  Dark Templar x2, High Templar x2  
  189  30:08  Nexus  
  189  30:09  Dark Templar x2  
  189  30:13  Archon  
  189  30:22  Observer  
  189  30:24  Archon  
  189  30:32  Probe x5, Pylon  
  193  30:39  Archon  
  191  30:54  Dark Templar x3  
  191  30:55  Dark Templar  
  195  31:16  Disruptor  
  195  31:17  Disruptor  
  191  31:22  Stalker x4  
  190  31:29  Probe x3  
  190  31:30  Probe x2  
  190  31:32  Carrier (Chrono Boost)  
  194  31:36  Assimilator  
  194  31:37  Observer  
  199  31:43  Nexus  
  199  31:46  Pylon  
  190  31:58  Observer  
  189  32:20  Photon Cannon  
  189  32:22  Photon Cannon  
  189  32:24  Shield Battery  
  189  32:26  Probe x3, Shield Battery  
  192  32:35  Photon Cannon, High Templar  
  192  32:36  Dark Templar  
  194  32:37  Stalker x2  
  160  33:02  Tempest (Chrono Boost)  
  181  33:07  Observer, Tempest (Chrono Boost)  
  181  33:08  High Templar x2  
  186  33:13  Photon Cannon  
  186  33:15  Shield Battery  
  186  33:16  Tempest x3 (Chrono Boost)  
  186  33:17  Pylon  
  186  33:20  Stalker, Sentry  
  186  33:23  Dark Templar x2  
  194  33:30  Nexus, Archon  
  194  33:33  Oracle (Chrono Boost)  
  189  33:34  Dark Templar  
  189  33:37  Zealot x3  
  197  33:42  Shield Battery x2  
  197  33:45  Assimilator  
  195  33:48  Assimilator  
  192  34:05  Stalker x2  
  196  34:11  Nexus  
  190  34:34  Tempest  
  190  34:36  Observer, Nexus  
  195  34:39  Pylon  
  195  34:41  Dark Templar  
  197  34:45  Stalker  
  197  34:47  Assimilator  
  197  34:50  Assimilator, Pylon  
  197  35:09  Void Ray (Chrono Boost)  
  199  35:26  Probe x2  
  199  35:59  Photon Cannon  
  199  36:01  Shield Battery  
  199  36:03  Shield Battery  
  186  36:23  Stalker x3, Zealot  
  186  36:24  Zealot x4  
  186  36:25  Zealot x2  
  166  36:26  Dark Templar x2  
  166  36:27  Zealot  
  138  36:39  Probe x5  
  137  36:40  Observer  
  137  36:46  Archon  
  137  36:51  Probe, High Templar  
  137  36:53  High Templar x2  
  142  36:54  Stalker, Sentry  
  142  36:55  Zealot x3  
  152  37:06  Zealot x2  
  152  37:07  High Templar  
  158  37:09  Observer  
  143  37:21  Dark Templar  
  143  37:22  Probe x5  
  134  37:27  Stalker  
  134  37:28  Stalker, Zealot x2  
  142  37:34  Probe  
  129  37:47  Stalker x2  
  129  37:48  Zealot x2  
  129  37:49  Archon  

Tags
 
Add a new tag
Caveats
  • Supply blocks, unpowered buildings, or Contaminate may cause inaccurate times.
  • Supply counts are checked every 10 seconds.